 Dungeon Crawl Stone Soup version 0.29-a0-887-gcbe080d7e0 (webtiles) character file.

Game seed: 3663343773686589467

478 oldmanjim the Changer (level 7, 0/45 HPs)
             Began as an Octopode Transmuter on July 21, 2022.
             Slain by Duvessa
             ... wielding a +0 short sword
              (12 damage)
             ... on level 4 of the Dungeon.
             The game lasted 00:17:04 (3560 turns).

oldmanjim the Changer (Octopode Transmuter)         Turns: 3560, Time: 00:17:06

Health: 0/45       AC:  2    Str: 10    XL:     7   Next: 11%
Magic:  9/11       EV: 19    Int: 17    God:
Gold:   164        SH:  0    Dex: 17    Spells: 7/11 levels left

rFire   . . .      SeeInvis .     - Unarmed
rCold   . . .      Faith    .   (shield currently unavailable)
rNeg    . . .      Spirit   .   (helmet currently unavailable)
rPois   x          Reflect  .   (no amulet)
rElec   .          Harm     .   (no ring)
rCorr   .          Rampage  .   (no ring)
Will    .....                   (no ring)
Stlth   ++........              (no ring)
HPRegen 0.15/turn               (no ring)
MPRegen 0.12/turn               (no ring)
                                (no ring)
                                (no ring)

@: spider-form (expiring)
A: venomous fangs, almost no armour, (amphibious), 8 rings, tiny, (camouflage
1), (gelatinous body 1), (nimble swimmer 1), (tentacles)
a: End Transformation


You were on level 4 of the Dungeon.
You were a venomous arachnid creature.
You visited 1 branch of the dungeon, and saw 4 of its levels.

You collected 164 gold pieces.

Inventory:

Hand Weapons
 b - a +0 sling (melded)
Missiles
 d - 19 stones (quivered)
 s - 6 poisoned darts
Jewellery
 o - an amulet of faith
Scrolls
 f - a scroll of identify {unknown}
 g - a scroll of teleportation {unknown}
 i - a scroll of vulnerability {unknown}
 j - a scroll of amnesia
 k - a scroll of acquirement {unknown}
 m - a scroll of blinking {unknown}
 n - a scroll of noise {unknown}
 t - a scroll of magic mapping {unknown}
 u - a scroll of fear {unknown}
Potions
 a - a potion of lignification
 c - a potion of brilliance {unknown}
 e - a potion of haste {unknown}
 h - 2 potions of curing {unknown}
 l - 3 potions of mutation {unknown}
 p - a potion of heal wounds {unknown}
 q - a potion of degeneration {unknown}
 r - a potion of magic {unknown}


   Skills:
 - Level 2.0 Fighting
 - Level 2.0 Dodging
 + Level 4.7 Unarmed Combat
 + Level 2.8 Spellcasting
 - Level 5.0 Transmutations
 - Level 3.0 Poison Magic


You had 7 spell levels left.
You knew the following spells:

 Your Spells              Type           Power      Damage    Failure   Level
a - Beastly Appendage     Tmut           38%        N/A       9%          1
b - Spider Form           Tmut/Pois      16%        N/A       26%         3

Your spell library contained the following spells:

 Spells                   Type           Power      Damage    Failure   Level
 Wereblood                Tmut           19%        N/A       12%         2
 Ice Form                 Ice/Tmut       10%        N/A       75%         4
 Petrify                  Tmut/Erth      10%        N/A       75%         4
 Metabolic Englaciation   Hex/Ice        1%         N/A       100%        5
 Statue Form              Tmut/Erth      6%         N/A       100%        6


Dungeon Overview and Level Annotations

Branches:
Dungeon (4/15)
 Temple: D:4-7

Altars:

Annotations:
D:4 Dowan, Duvessa


Innate Abilities, Weirdness & Mutations

You are a venomous arachnid creature.
You have poisonous fangs.
You are tiny and dextrous.
Your spellcasting is less reliable in this form.
Your armour is entirely melded.
You are incapable of wielding weapons or throwing items.
You cannot wear most types of armour.
((You are amphibious.))
You can wear up to eight rings at the same time.
((Your skin changes colour to match your surroundings (Stealth+).))
((Your rubbery body absorbs attacks. (AC +1, EV +1)))
((You are camouflaged when in or above water. (Stealth+)))
((You have tentacles for arms and can constrict up to eight enemies at once.))


Message History

You hit Duvessa but do no damage. Duvessa hits you with a +0 short sword!
Dowan casts a spell.
Dowan blinks!
A jackal comes into view.
Duvessa closely misses you. The jackal misses you.
The jackal moves out of view.
You bite Duvessa!
Duvessa is moderately wounded.
Your transformation is almost over.
A jackal comes into view.
Duvessa closely misses you.
The jackal barks!
You hit Duvessa but do no damage.
Duvessa is moderately wounded.
Duvessa completely misses you. Duvessa barely misses you.
The jackal closely misses you.
The jackal barks!
You hit Duvessa but do no damage.
Duvessa is moderately wounded.
Duvessa misses you. The jackal closely misses you.
The jackal pauses to sniff the ground.
You hit Duvessa.
Duvessa is moderately wounded.
Duvessa gestures with her weapon.
Duvessa hits you with a +0 short sword. The jackal barely misses you.
Duvessa barely misses you.
You barely miss Duvessa.
Duvessa is moderately wounded.
The jackal misses you. Duvessa hits you with a +0 short sword.
You hit Duvessa.
Duvessa is poisoned.
Duvessa is moderately wounded.
The jackal misses you. Duvessa hits you with a +0 short sword!
The jackal misses you.
You hit Duvessa but do no damage.
Duvessa looks as sick as possible!
Duvessa is moderately wounded.
Duvessa barely misses you. The jackal bites you.
* * * LOW HITPOINT WARNING * * *
Duvessa says, "When magic and the sword combine, nothing stands against them."
Duvessa hits you with a +0 short sword!
You die... ...... ..... .... ...## ..h# ########## hh#

.........# #h#
########.#######s#
.....###......##e#
####.##.#####.#.e##
#.##...........#
####.##.#####.#.##ยง..#
.....##.......#.# .#.#
.###.############# # #
.....## ###....>#
#.....####.....###


You could see Duvessa (fast, resistant, extremely poisoned), Dowan and 4
jackals.

Vanquished Creatures
  Grinder (D:4)
  Sigmund (D:2)
  Jessica (D:3)
  A gnoll (D:1)
  2 adders
  3 dart slugs
  4 endoplasms
  2 giant cockroaches
  12 goblins
  5 hobgoblins
  12 jackals
  5 quokkas (D:1)
  3 ball pythons
  7 bats
  2 frilled lizards
  6 kobolds
  5 rats
72 creatures vanquished.

Notes
Turn   | Place    | Note
-------+----------+-------------------------------------------
     0 | D:1      | oldmanjim the Octopode Transmuter began the quest for the
                  | Orb.
     0 | D:1      | Reached XP level 1. HP: 13/13 MP: 3/3
   414 | D:1      | Reached XP level 2. HP: 18/18 MP: 3/5
   553 | D:1      | Reached XP level 3. HP: 20/23 MP: 6/6
   557 | D:1      | Learned a level 3 spell: Spider Form
   795 | D:1      | Found a faded altar of an unknown god.
  1097 | D:1      | Reached skill level 3 in Transmutations
  1374 | D:2      | Reached skill level 1 in Poison Magic
  1838 | D:2      | Reached XP level 4. HP: 28/28 MP: 7/7
  1951 | D:2      | Noticed Sigmund
  1993 | D:2      | Killed Sigmund
  1994 | D:2      | Reached skill level 4 in Transmutations
  1994 | D:2      | Reached XP level 5. HP: 14/33 MP: 5/8
  2019 | D:2      | Reached XP level 6. HP: 19/38 MP: 5/9
  2996 | D:3      | Reached skill level 5 in Transmutations
  3182 | D:3      | Noticed Jessica
  3192 | D:3      | Killed Jessica
  3398 | D:4      | Noticed Grinder
  3414 | D:4      | Killed Grinder
  3415 | D:4      | Reached XP level 7. HP: 33/45 MP: 7/11
  3548 | D:4      | Noticed Duvessa
  3549 | D:4      | Noticed Dowan
  3560 | D:4      | Slain by Duvessa

Illustrated notes

Levels and vault maps discovered:
D:1:      scummos_arrival_hexagon, layout_basic,
          nicolae_ecumenical_snake_handling, minmay_pentomino_w2
D:2:      layout_loops_ring, uniq_sigmund
D:3:      layout_rooms, uniq_jessica
D:4:      layout_basic, mainiacjoe_overflow_cross_hatched,
          worldfamousw_hep_ancestral_shrine, minmay_crossroads, uniq_grinder,
          uniq_duvessa

Skill      XL: |  1  2  3  4  5  6 |
---------------+-------------------+-----
Transmutations | 3 4 5 |  5.0
Poison Magic   | 1 3 |  3.0
Unarmed Combat | 4 |  4.7
Fighting       | 2 |  2.0
Dodging        | |  2.0
Spellcasting   | |  2.8

Action                   |  1- 3 |  4- 6 |  7- 9 || total
-------------------------+-------+-------+-------++-------
Melee: Unarmed           |    56 |    68 |     8 ||   132
       Kick              |    26 |     9 |       ||    35
       Constrict         |    24 |    10 |       ||    34
       Tentacles         |    10 |     7 |       ||    17
       Punch             |     1 |       |       ||     1
 Fire: Sling             |    10 |    33 |       ||    43
Throw: Stone             |    12 |       |       ||    12
 Cast: Beastly Appendage |    28 |     9 |       ||    37
       Spider Form       |       |     5 |     1 ||     6
  Use: Scroll            |       |     1 |       ||     1
 Stab: Sleeping          |     6 |     1 |       ||     7
Armor: Skin              |     7 |     8 |       ||    15
Dodge: Dodged            |    35 |    48 |    14 ||    97

Table legend: (Time is in decaauts)
 A = Elapsed time spent in this place.
 B = Non-inter-level travel time spent in this place.
 C = Inter-level travel time spent in this place.
 D = Time resting spent in this place.
 E = Time spent auto-exploring this place.
 F = Levels seen in this place.
 G = Mean time per level.
                   A        B        C        D        E       F      G
               +--------+--------+--------+--------+--------+-----+--------+
         Total |   3556 |   3459 |     97 |    317 |   2539 |   4 |  889.0 |
       Dungeon |   3556 |   3459 |     97 |    317 |   2539 |   4 |  889.0 |
               +--------+--------+--------+--------+--------+-----+--------+

Top non-repeatable levels by time:
     D:1: 1354 daAuts
     D:2: 1350 daAuts
     D:3: 623 daAuts
     D:4: 228 daAuts
